 Dungeon Crawl Stone Soup version 0.31.0-12-g77e489cdc1 (webtiles) character file.

Game seed: 16630626969493769468

36 Gadfly the Trooper (level 3, -4/60 HPs)
             Began as an Oni Berserker on Feb 21, 2024.
             Was a Follower of Trog.
             Slain by Sigmund
             ... wielding a +0 scythe
              (5 damage)
             ... on level 2 of the Dungeon on Feb 22, 2024.
             The game lasted 00:01:40 (982 turns).

Gadfly the Trooper (Oni Berserker)                   Turns: 982, Time: 00:01:41

Health: -4/60      AC:  3    Str: 27    XL:     3   Next: 37%
Magic:  3/3        EV: 10    Int:  8    God:    Trog [*.....]
Gold:   70         SH:  0    Dex: 10    Spells: 2/2 levels left

rFire   . . .        a - +0 mace
rCold   + . .        (no shield)
rNeg    . . .        b - +0 animal skin
rPois   .            (helmet restricted)
rElec   .            (no cloak)
rCorr   .            (gloves unavailable)
SInv    .            (boots unavailable)
Will    .....        (no amulet) Stlth
                     d - ring of protection from cold
HPRegen 0.30/turn    e - +6 ring of strength
MPRegen 0.08/turn

%: no passive effects
@: berserking, very quick
A: large, unfitting armour, horns 1, tough skin 1, double potion healing,
drunken brawling
a: Renounce Religion, Berserk


You were on level 2 of the Dungeon.
You worshipped Trog.
Trog was aware of your devotion.
You visited 1 branch of the dungeon, and saw 2 of its levels.

You collected 70 gold pieces.

Inventory:

Hand Weapons
 a - a +0 mace (weapon)
Armour
 b - a +0 animal skin (worn)
Jewellery
 d - a ring of protection from cold (left hand)
 e - a +6 ring of strength (right hand)
Potions
 c - a potion of curing {unknown}
 f - a potion of brilliance {unknown}
 g - a potion of attraction {unknown}


   Skills:
 + Level 4.3 Fighting
 * Level 3.4 Maces & Flails
 * Level 1.1 Armour
 - Level 2.6 Dodging
 * Level 1.1 Evocations


You had 2 spell levels left.
You didn't know any spells.
Your spell library was empty.

Dungeon Overview and Level Annotations

Branches:
Dungeon (2/15)

Altars:

Annotations:
D:2 Sigmund


Innate Abilities, Weirdness & Mutations

You are too large for most types of armour.
You have a pair of small horns on your head.
You have tough skin. (AC +1)
You gain doubled healing and magic from potions.
Whenever you drink a healing potion, you attack all around you.


Message History

Sigmund is nearby!
Sigmund is nearby!
You hit Sigmund.
Sigmund is lightly wounded.
Sigmund casts a spell at you. The puff of flame misses you.
You sock Sigmund! You headbutt Sigmund.
Sigmund is severely wounded.
Sigmund barely misses you.
You bump into the rock wall.
Sigmund gestures wildly while chanting.
Sigmund flickers and vanishes!
Deactivating autopickup; reactivate with Ctrl-A.
You bump into the rock wall.
You hear some strange, mumbled words.
Something tries to affect you, but you resist.
You closely miss something. Something hits you.
You're too confused to move!
Something hits you.
You hear some strange, mumbled words.
A puff of flame appears from out of thin air!
The puff of flame misses you.
You completely miss something. Something hits you!
You barely miss something. Something hits you!
* * * LOW HITPOINT WARNING * * *
You barely miss something.
You bump into the rock wall.
You feel less confused.
You hear some strange, mumbled words.
A magic dart appears from out of thin air!
The magic dart hits you!
* * * LOW HITPOINT WARNING * * *
A red film seems to cover your vision as you go berserk!
You feel yourself moving faster!
You feel mighty!
You hear some strange, mumbled words.
A magic dart appears from out of thin air!
The magic dart hits you.
* * * LOW HITPOINT WARNING * * *
You thump something! Something hits you.
You die...

.............#.##....#
..###.####.....##....#
>.. #...........#
..... #.##...#....#
...... ...###..#....#
.................)...#
.........#######...###
........# #.### ...
#@# #{# ..# ...# ..<..
...... .......
.........


There were no monsters in sight!

Vanquished Creatures
  An adder (D:2)
  A dart slug (D:2)
  2 endoplasms
  A giant cockroach (D:1)
  2 hobgoblins
  4 quokkas (D:1)
  4 bats
  3 goblins
  3 kobolds (D:1)
  3 rats (D:1)
24 creatures vanquished.

Notes
Turn   | Place    | Note
-------+----------+-------------------------------------------
     0 | D:1      | Gadfly the Oni Berserker began the quest for the Orb.
     0 | D:1      | Reached XP level 1. HP: 24/24 MP: 1/1
   165 | D:1      | Reached XP level 2. HP: 8/32 MP: 2/2
   811 | D:2      | Reached skill level 1 in Armour
   811 | D:2      | Reached skill level 1 in Evocations
   811 | D:2      | Reached XP level 3. HP: 34/39 MP: 3/3
   962 | D:2      | Noticed Sigmund
   981 | D:2      | HP: 1/60 [something/magic dart (4)]
   982 | D:2      | Slain by Sigmund

Illustrated notes

Levels and vault maps discovered:
D:1:      roadster_arrival_rocket_small, layout_rooms, kennysheep_another_room,
          nicolae_twisty_statue_hallways
D:2:      layout_rooms, chequers_ecumenical_altar_island,
          ebering_dispersal_statue_hall, kennysheep_generic_room_14,
          uniq_jessica, uniq_robin, uniq_crazy_yiuf_cottage, uniq_sigmund

Skill      XL: |  1  2 |
---------------+-------+-----
Armour         | 1 |  1.1
Evocations     | 1 |  1.1
Fighting       | |  4.3
Maces & Flails | |  3.4
Dodging        | |  2.6

Action                     || total
---------------------------++-------
  Melee: Mace              ||    83
         Headbutt          ||     8
 Invoke: Berserk           ||     1
    Use: Scroll            ||     1
 Armour: Animal skin       ||    79
  Dodge: Dodged            ||    52
